 Dungeon Crawl Stone Soup version 0.24-a0-439-g6dd8730de2 (webtiles) character file.

Game seed: 18137141474298398004

139 galech the Shield-Bearer (level 5, 0/41 HPs)
             Began as a Demonspawn Fighter on June 18, 2019.
             Killed by nerve-wracking pain
             ... invoked by Jessica
              (2 damage)
             ... on level 3 of the Dungeon.
             The game lasted 00:02:26 (2083 turns).

galech the Shield-Bearer (Demonspawn Fighter)       Turns: 2083, Time: 00:02:27

Health: 0/41       AC:  6    Str: 17      XL:     5   Next: 1%
Magic:  0/5        EV:  7    Int:  8 (9)  God:
Gold:   98         SH:  9    Dex: 12 (13) Spells: 4/4 levels left

rFire    . . .     SeeInvis +   a - +0 war axe
rCold    . . .     Gourm    .   c - +0 shield
rNeg     . . .     Faith    .   b - +0 scale mail
rPois    .         Spirit   +   (helmet restricted)
rElec    .         Reflect  .   (no cloak)
rCorr    .         Harm     .   (no gloves)
MR       .....                  (no boots)
Stlth    ..........             (no amulet)
HPRegen  0.13/turn              k - ring of see invisible
MPRegen  0.09/turn              (no ring)

@: berserk cooldown, slowed, very slow
A: antennae 1, magic shield
a: no special abilities


You were on level 3 of the Dungeon.
You were not hungry.

You visited 1 branch of the dungeon, and saw 3 of its levels.

You collected 98 gold pieces.

Inventory:

Hand Weapons
 a - a +0 war axe (weapon)
Armour
 b - a +0 scale mail (worn)
 c - a +0 shield (worn)
Jewellery
 k - a ring of see invisible (left hand)
Scrolls
 d - 2 scrolls of teleportation
 l - 2 scrolls of remove curse
 m - a scroll of random uselessness
 n - a scroll of enchant armour
 p - a scroll of noise
Potions
 h - a potion of invisibility
 i - a potion of flight
 o - a potion of curing
Comestibles
 f - 3 rations
 s - 8 chunks of flesh


   Skills:
 + Level 3.3 Fighting
 + Level 3.2 Axes
 + Level 3.2 Armour
 + Level 0.8 Dodging
 + Level 3.4 Shields


You had 4 spell levels left.
You didn't know any spells.
Your spell library contained the following spells:

 Spells                   Type           Power        Failure   Level  Hunger
 Confusing Touch          Hex            #.....       100%        1    ##.....
 Confuse                  Hex            #.......     100%        3    ####...
 Gell's Gravitas          Tloc           #.........   100%        3    ####...
 Petrify                  Tmut/Erth      #.......     100%        4    #####..
 Metabolic Englaciation   Hex/Ice        #.........   100%        5    ######.
 Yara's Violent Unravell  Hex/Tmut       #.........   100%        5    ######.


Dungeon Overview and Level Annotations

Branches:
Dungeon (3/15)

Altars:
Fedhas
Qazlal

Annotations:
D:3 Grinder, Jessica


Innate Abilities, Weirdness & Mutations

You have a pair of small antennae on your head.
When hurt, damage is shared between your health and your magic reserves.


Message History

Your +0 scale mail unmelds from your body.
Grinder says, "There's only one good use for a tongue: cutting it out."
Jessica zaps a wand.
You resist with some effort.
Jessica zaps a wand.
You resist with some effort.
You closely miss Jessica.
Jessica is lightly wounded.
You hit the bush but do no damage. You hit the fungus.
You feel a little less clever now.
Jessica gestures wildly while chanting.
Jessica seems to speed up.
Grinder zaps a wand.
The puff of flame hits you!
* * * LOW HITPOINT WARNING * * *
Jessica closely misses you.
You hit Jessica.
Jessica is lightly wounded.
You hit the bush. You hit the fungus.
Your shield and scale mail prevent you from hitting Grinder.
Jessica hits you but does no damage. Grinder barely misses you.
Jessica points at you and mumbles some strange words.
Pain shoots through your body!
You die...

...............# #
#.###^^^##.##### #
#####.##^#...#... #
.......≈≈_###)### #
....###≈.#^..# #
#..##.^.^..## ###
.#####..#....[..#
#.###..
.....)!...5..P.##
#...<..
........@@PP.P.#
#..#....
.......)..PP_PP....
##...
........)..PPPP...
(.#.
..........#..P#####
...##
#.........###.#
#.#.# #.........#
"# #.#.#
..........# # #.#.#
#.........#
..###.#####


You could see Grinder and Jessica.

Vanquished Creatures
  A howler monkey (D:2)
  Ijyb (D:3)
  3 adders (D:2)
  2 worms
  An orc (D:3)
  5 bats
  A giant cockroach (D:2)
  2 goblins (D:1)
  4 hobgoblins
  6 jackals
  2 quokkas (D:2)
  A frilled lizard (D:1)
  7 kobolds
  10 rats
46 creatures vanquished.

Notes
Turn   | Place    | Note
-------+----------+-------------------------------------------
     0 | D:1      | galech the Demonspawn Fighter began the quest for the Orb.
     0 | D:1      | Reached XP level 1. HP: 18/18 MP: 1/1
   316 | D:1      | Gained mutation: You have a pair of small antennae on your
                  | head. [demonic ancestry]
   316 | D:1      | Reached XP level 2. HP: 19/24 MP: 2/2
  1112 | D:2      | Gained mutation: When hurt, damage is shared between your
                  | health and your magic reserves. [demonic ancestry]
  1112 | D:2      | Reached XP level 3. HP: 22/29 MP: 3/3
  1430 | D:2      | Reached XP level 4. HP: 35/35 MP: 4/4
  2027 | D:3      | Found a stormy altar of Qazlal.
  2034 | D:3      | Found a blossoming altar of Fedhas.
  2040 | D:3      | Noticed Ijyb
  2041 | D:3      | Noticed Grinder
  2051 | D:3      | Paralysed by Grinder for 7 turns
  2062 | D:3      | Noticed Jessica
  2065 | D:3      | Killed Ijyb
  2065 | D:3      | Reached XP level 5. HP: 23/41 MP: 2/5
  2067 | D:3      | Paralysed by Grinder for 7 turns
  2077 | D:3      | Paralysed by Grinder for 3 turns
  2082 | D:3      | HP: 2/41 [Grinder/puff of flame (9)]
  2083 | D:3      | Killed from afar by Jessica

Levels and vault maps discovered:
D:1:      dpeg_arrival_oval, layout_basic, minmay_split_cup_small
D:2:      wad_lake_hut, layout_loops_ring
D:3:      layout_loops_ring, grunt_temple_overflow_forces_of_nature,
          nicolae_overflow_hidden_temple, portal_sewer_entry_b, uniq_ijyb,
          uniq_grinder, uniq_jessica

Skill      XL: |  1  2  3  4 |
---------------+-------------+-----
Shields        | 3 |  3.4
Axes           | 2 3 |  3.2
Armour         | 3 |  3.2
Fighting       | |  3.3
Dodging        | |  0.8

Action                   |  1- 3 |  4- 6 || total
-------------------------+-------+-------++-------
Melee: War axe           |    82 |    76 ||   158
  Use: Potion            |     1 |     5 ||     6
       Scroll            |       |     7 ||     7
  Eat: Chunk             |     2 |     2 ||     4
Armor: Scale mail        |    42 |    66 ||   108
       Skin              |       |    13 ||    13
Dodge: Dodged            |    26 |    33 ||    59
Block: Shield            |    49 |    39 ||    88

Table legend:
 A = Non-vault XP
 B = Vault XP
 C = Vault XP percentage of total XP
 D = Non-vault monster count
 E = Vault monster count
 F = Vault count percentage of total count
                 A         B        C        D         E       F
            +---------+---------+-------+---------+---------+-------
      Total |     157 |      42 |  21.1 |      42 |       4 |   8.7
            +---------+---------+-------+---------+---------+-------
        D:1 |      14 |       6 |  30.0 |      11 |       3 |  21.4
        D:2 |     125 |       0 |   0.0 |      23 |       0 |   0.0
        D:3 |      18 |      36 |  66.7 |       8 |       1 |  11.1
            +---------+---------+-------+---------+---------+-------
